Description

Macro Terran Build with Ghost Push

Replay - 2020-09-01 - (T)PureLegacy VS (P)Hupsaiya (2)

Build Order

Get SALT Encoding   

  12  0:01  SCV  
  13  0:13  SCV  
  14  0:17  Supply Depot  
  14  0:25  SCV  
  15  0:38  SCV  
  15  0:41  Barracks  
  16  0:44  Refinery  
  16  0:50  SCV  
  17  1:02  SCV  
  18  1:14  SCV  
  19  1:28  Orbital Command, Reaper  
  20  1:40  Command Center  
  20  1:48  Supply Depot  
  20  1:54  SCV  
  20  2:00  Marine  
  22  2:06  SCV  
  22  2:07  Factory  
  23  2:14  Bunker  
  23  2:18  Refinery  
  23  2:19  SCV  
  24  2:22  Barracks Reactor  
  26  2:51  Orbital Command  
  26  2:54  Starport  
  26  2:56  Factory Tech Lab  
  27  2:59  Marine x2  
  30  3:17  Marine x2  
  35  3:34  Barracks x2  
  35  3:37  Raven  
  35  3:38  Factory Tech Lab  
  37  3:47  Marine x2  
  41  3:50  Supply Depot  
  43  4:07  Marine x2  
  46  4:10  Supply Depot  
  47  4:23  Engineering Bay  
  48  4:25  Refinery  
  48  4:30  Marine  
  51  4:31  Stimpack  
  51  4:33  Combat Shield, Supply Depot  
  55  4:50  Starport Reactor, Factory Reactor  
  55  4:51  Terran Infantry Weapons Level 1  
  56  4:57  Marauder x2  
  64  5:09  Refinery  
  65  5:18  Marauder x2  
  72  5:40  Marauder x2  
  74  5:43  Widow Mine x2  
  74  5:46  Medivac x2  
  84  5:58  Concussive Shells  
  84  6:01  Marauder x2  
  88  6:06  Widow Mine x2  
  94  6:12  Command Center  
  93  6:26  Marauder x2  
  93  6:27  Medivac x2  
  101  6:46  Barracks x2, Terran Infantry Armor Level 1  
  100  6:48  Widow Mine x2  
  98  7:16  Medivac x2  
  97  7:31  Orbital Command  
  97  7:34  Widow Mine x2  
  107  7:39  Barracks Reactor  
  107  7:40  Barracks Tech Lab  
  108  7:46  Engineering Bay  
  108  7:47  Armory  
  112  7:54  Orbital Command, Bunker  
  112  7:55  Sensor Tower  
  117  7:58  Liberator x2  
  132  8:27  Widow Mine x2  
  131  8:41  Liberator  
  140  9:01  Refinery x2  
  149  9:15  Missile Turret x3  
  149  9:22  Ghost Academy  
Spawning Tool Build Advisor. Get it on Overwolf

Go to:

Details

  • Created by: DakkoN
  • Published on: Sep 10, 2020
  • Modified on: Sep 11, 2020
  • Patch: 4.11.0
  • Difficulty: Medium
Show
View Real Time Build Order
Export as new Build Order

Comments (0)

There are no comments. Be the first!

Create an account to comment!